 Dungeon Crawl Stone Soup version 0.18-a0-1060-g4fac74f (webtiles) character file.

38 namelastname112 the Magician (level 3, 0/42 HPs)
             Began as a Draconian Wizard on Jan 12, 2016.
             Succumbed to an adder's poison
             ... on level 2 of the Dungeon.
             The game lasted 00:01:38 (631 turns).

namelastname112 the Magician (Draconian Wizard)      Turns: 631, Time: 00:01:38

Health: 0/42       AC: 21    Str:  9    XL:     3   Next: 25%
Magic:  2/7        EV:  2    Int: 18    God:
Gold:   85         SH:  0    Dex: 15    Spells: 1 memorised, 7 levels left

rFire  . . .     SeeInvis .     c - 2 bread rations
rCold  . . .     Gourm    .     (armour unavailable)
rNeg   + + +     Faith    .     (no shield)
rPois  +         Spirit   .     (helmet currently unavailable)
rElec  .         Dismiss  .     (cloak currently unavailable)
rCorr  .         Reflect  .     (gloves currently unavailable)
SustAt .         Harm     .     (boots currently unavailable)
MR     .....     NoTele   +     (no amulet)
Stlth  ++++......               (no ring)
                                (no ring)

@: agile, lethally poisoned (0 -> -3), tree-form, very slightly contaminated,
hasted, very quick, not resistant to hostile enchantments, stealthy
A: unfitting armour, (cold-blooded), AC +5
a: no special abilities


You were on level 2 of the Dungeon.
You were not hungry.
You were a tree.
You visited 1 branch of the dungeon, and saw 2 of its levels.

You collected 85 gold pieces.

Inventory:

Hand Weapons
 h - a +0 dagger
Armour
 a - a +0 hat (melded)
Scrolls
 d - 3 scrolls of blinking {unknown}
 e - a scroll of fear {unknown}
 i - a scroll of remove curse {unknown}
 k - a scroll of immolation {unknown}
 m - a scroll of random uselessness {unknown}
 n - a scroll of identify {unknown}
Books
 b - a book of Minor Magic

   Spells                             Type                      Level
   a - Magic Dart                     Conjuration                  1
   b - Blink                          Translocation                2
   c - Call Imp                       Summoning                    2
   d - Repel Missiles                 Charms/Air                   2
   e - Slow                           Hexes                        2
   f - Conjure Flame                  Conjuration/Fire             3
   g - Mephitic Cloud                 Conjuration/Poison/Air       3
Comestibles
 c - 2 bread rations (in branch)


   Skills:
 + Level 1.2 Fighting
 * Level 1.1 Short Blades
 + Level 2.1 Dodging
 * Level 2.6 Stealth
 - Level 3.0 Spellcasting
 - Level 1.0 Conjurations
   Level 1.0 Summonings
   Level 1.0 Translocations


You had 7 spell levels left.
You knew the following spells:

 Your Spells              Type           Power        Failure   Level  Hunger
z - Magic Dart            Conj           #...         12%         1    None


Dungeon Overview and Level Annotations

Branches:
Dungeon (2/15)

Altars:


Innate Abilities, Weirdness & Mutations

((Your plain brown scales are hard (AC +5).))
Your body does not fit into most forms of armour.
((You are cold-blooded and may be slowed by cold attacks.))


Message History

You feel sick.
You swing at nothing.
You swing at nothing.
* * * LOW HITPOINT WARNING * * *
You feel sick.
You swing at nothing.
* * * LOW HITPOINT WARNING * * *
You feel sick.
You are alive.
You are agile.
You are lethally poisoned (1 -> -2).
You are a tree.
You are very lightly contaminated with residual magic.
Your actions are hasted.
Your movement speed is very quick.
Your attack speed is above average (and cannot be improved with additional weapon skill).
Your base attributes are Str 9, Int 18, Dex 10.
You are not resistant to hostile enchantments.
You are stealthy.
You swing at nothing.
You swing at nothing.
You swing at nothing.
You die...

######## .......# ......#
....### #+##+#.†.######
###.##.#........####.#.#.
.......'........♣†.......
###.#..#........##.......
#.#.#####.....# .#####.
#.#)# #.....# .# #.#.#
#.....# $. #.#.# #.....#
## #.#.# ####### .....
###


There were no monsters in sight!

Vanquished Creatures
  An adder (D:2)
  An ooze (D:1)
  6 goblins
  2 hobgoblins
  3 jackals (D:2)
  A kobold (D:1)
  7 bats
  A giant newt (D:1)
  3 rats
25 creatures vanquished.

Notes
Turn   | Place    | Note
--------------------------------------------------------------
     0 | D:1      | namelastname112 the Draconian Wizard began the quest for the Orb.
     0 | D:1      | Reached XP level 1. HP: 14/14 MP: 4/4
   202 | D:1      | Reached XP level 2. HP: 22/22 MP: 3/6
   597 | D:2      | Reached skill level 1 in Short Blades
   614 | D:2      | Reached skill level 1 in Fighting
   614 | D:2      | Reached XP level 3. HP: 8/28 MP: 2/7
   627 | D:2      | HP: 2/42 [poisoned by an adder]
   631 | D:2      | Succumbed to an adder's poison

Vault maps used:
D:1:      lemuel_arrival_cross, serial_corexii_hall, corexii_hall_statues_x,
          corexii_hall_statues_deadend, corexii_leaking_fountain

Action                   || total
-------------------------++-------
Melee: Unarmed           ||    23
       Dagger            ||    44
 Cast: Magic Dart        ||    34
  Use: Potion            ||     4
